[Event "*** SCC Grand Prix: Titled Tuesday Blitz"]
[Site "Chess.com"]
[Date "2020.06.23"]
[Round "6"]
[White "Vuk2000"]
[Black "nikitakhoroshev"]
[Result "0-1"]
[WhiteElo "2624"]
[BlackElo "2488"]
[TimeControl "180+1"]
[EndTime "11:08:03 PDT"]
[Termination "nikitakhoroshev won by resignation"]

1. d4 Nf6 2. Bg5 Ne4 3. Bf4 e5 4. dxe5 d5 5. Nd2 Qe7 6. Bg3 Nxg3 7. hxg3 Qxe5 8. c3 Nd7 9. Ngf3 Qe7 10. e3 Nf6 11.
Bd3 g6 12. Qc2 Bg7 13. O-O O-O 14. Rfe1 Bd7 15. e4 dxe4 16. Nxe4 Nxe4 17. Bxe4 Qc5 18.
Bxb7 Rab8 19. Rad1 Be6 20. Be4 Qa5 21. Nd4 Bg4 22.
Nc6 Bxd1 23. Qxd1 Qxa2 24. Nxb8 Rxb8 25. Bd5 Qxb2 26. Qf3 Rf8 27. c4 a5 28. Qf4 a4 29.
Re7 Bf6 30. Rxc7 a3 31. Ra7 a2 32. Rxa2 Qxa2 33. Qxf6 Qb1+ 34. Kh2 Qf5 35. Qd4 Re8 36. Bf3 Qe5 37. Qd3 Qc5 38. Qc2 Rc8 39. Qe2 Qxc4 40. Qd2 Qc5 41. Qe2 Rf8 42. Qd2 Kg7 43.
Qe2 Qd4 44. Qc2 Qf6 45. Qe2 h5 46. Qd2 Rd8 47. Qc2 Qd4 48. Qc7 Qd6 49. Qc2 Qe5 50. Qc4 Rb8 51. Qc2 Rb2 52. Qc4 Rxf2 53. Qh4 Qf6 54.
Qe4 Rd2 55. Qe3 Rd4 56. Kg1 Qd6 57. Qf2 Qc5 58. Kh2 Qe5 59. Kh3 g5 60. Kh2 h4 61.
Kh3 Qxg3+ 62. Qxg3 hxg3 63. Kxg3 f5 64. Kf2 Kf6 65.
Ke3 Ke5 66. Ba8 Rb4 67. Bc6 Rb3+ 68. Ke2 Kf4 69. Kf2 Rb2+ 70. Kf1 Kg3 0-1

[Event "*** SCC Grand Prix: Titled Tuesday Blitz"]
[Site "Chess.com"]
[Date "2020.06.23"]
[Round "6"]
[White "2008king"]
[Black "ajian"]
[Result "1/2-1/2"]
[WhiteElo "2234"]
[BlackElo "2397"]
[TimeControl "180+1"]
[EndTime "11:08:03 PDT"]
[Termination "Game drawn - insufficient material"]

1. e4 c5 2. Nf3 Nc6 3. d4 cxd4 4. Nxd4 Nf6 5. Nc3 e5 6. Ndb5 d6 7. Bg5 a6 8. Na3 b5 9. Nd5 Be7 10. Bxf6 Bxf6 11. c3 O-O 12. Nc2 Rb8 13. Nce3 Bg5 14. Be2 Be6 15. O-O Ne7 16. Nxe7+ Qxe7 17. Nd5 Qa7 18. Kh1 a5 19. b3 Qc5 20. c4 b4 21.
Bg4 Kh8 22. Qe2 Ra8 23. Rfd1 a4 24. Bf3 Ra7 25. Qe1 Rb8 26. Rdb1 axb3 27. axb3 Rba8 28. Rxa7 Rxa7 29. Qxb4 g6 30. Qxc5 dxc5 31. g3 Ra2 32.
Kg2 f5 33. b4 Bxd5 34. cxd5 Be3 35. Rf1 cxb4 36. d6 Rd2 37. d7 Bc5 38. exf5 gxf5 39. Bc6 e4 40. Kh3 b3 41. Rb1 b2 42. g4 fxg4+ 43.
Kxg4 Bb6 44. Kf4 Rxf2+ 45. Kxe4 Rxh2 46. Kd5 Kg7 47. Ke6 Bd8 48. Kd6 Kf6 49. Bd5 Rd2 50.
Kc6 Ke5 51. Bf7 Kf6 52. Be8 Ke7 53. Kc5 h5 54. Kc4 h4 55. Kc3 Rf2 56. Rxb2 Ba5+ 57. Kb3 Rxb2+ 58. Kxb2 h3 59. d8=Q+ Kxd8 60. Bc6 Kc7 61.
Bh1 Kd6 62. Kc2 Ke5 63. Kd1 Kf4 64. Ke2 Kg3 65. Kf1 Kh2 66. Bf3 Kg3 67. Bh1 Bb6 68. Ba8 Kh2 69. Bb7 Bc5 70. Ba8 Bd4 71. Bb7 Kg3 72.
Ba8 Be3 73. Bb7 Bf4 74. Ba8 Bg5 75. Bb7 Kh2 76. Ba8 Bh4 77. Bb7 Bg3 78. Ba8 Bf4 79. Bb7 Be3 80. Ba8 Bc5 81. Bb7 Kg3 82. Ba8 h2 83.
Bh1 Bd4 84. Ba8 Bg1 85. Bh1 Kh3 86. Bg2+ Kg3 87. Bh1 Kg4 88. Bg2 Kh4 89. Bh1 Kg3 90. Bg2 Bd4 91. Bh1 Bc3 92. Bg2 Bb4 93. Bh1 Ba5 94.
Bg2 Kh4 95. Bh1 Kh3 96. Bg2+ Kg4 97. Bh1 Be1 98. Kg2 Bg3 99. Kf1 Kf4 100. Bg2 h1=Q+ 101. Bxh1 1/2-1/2

[Event "*** SCC Grand Prix: Titled Tuesday Blitz"]
[Site "Chess.com"]
[Date "2020.06.23"]
[Round "6"]
[White "AradNazari"]
[Black "Grineva_Marianna"]
[Result "1-0"]
[WhiteElo "2391"]
[BlackElo "2191"]
[TimeControl "180+1"]
[EndTime "11:08:03 PDT"]
[Termination "AradNazari won on time"]

1. e4 d6 2. d4 Nf6 3. Nc3 g6 4. f3 a6 5. Be3 Nc6 6. Qd2 Rb8 7. O-O-O b5 8. g4 Bd7 9. Kb1 e5 10. Nce2 exd4 11. Nxd4 Ne5 12. h3 Bg7 13. Bh6 O-O 14.
Bxg7 Kxg7 15. Bg2 Nc4 16. Qc3 c5 17. g5 cxd4 18. Qxd4 Be6 19. Ne2 Ne5 20. gxf6+ Qxf6 21. f4 Nc4 22. Qxf6+ Kxf6 23. Rd3 Rfc8 24. Nd4 Ke7 25. Re1 Rc5 26. Nb3 Rc7 27. Nd2 Rbc8 28. Nf3 Nxb2 29.
Rd2 Na4 30. Nd4 Nc3+ 31. Ka1 Bxa2 32. e5 dxe5 33. Rxe5+ Kf8 34. f5 gxf5 35. Nxf5 Bc4 36. Nd6 Rd8 37. Nxc4 Rxd2 38. Nxd2 Rd7 39. Nb3 Rd1+ 40.
Kb2 b4 41. Nc1 Rg1 42. Bc6 a5 43. Rxa5 Rg3 44. Nd3 Rxh3 45. Nxb4 Nd1+ 46. Kc1 Ne3 47. Ra8+ Kg7 48. Nd3 Nc4 49. Kb1 Rg3 50. Ka2 Re3 51. Ra4 Nd6 52. Rg4+ Kf6 53. Rd4 Nf5 54. Ra4 Re2 55. Kb2 Ne3 56. Nb4 Nc4+ 57. Kc3 Ne5 58. Bb5 Re3+ 59. Kd4 Re1 60. Ra6+ Kf5 61. Bd3+ Nxd3 62.
Nxd3 Rd1 63. Rh6 f6 64. Rxh7 Kg6 65. Ra7 f5 66. Ke3 Kg5 67. Rg7+ Kf6 68. Rg8 Rh1 69. c3 Rh2 70. c4 Rc2 71. c5 Rc3 72. Kd4 Rc2 73. Kd5 Rd2 74. Kd4 f4 75. Rf8+ 1-0

[Event "*** SCC Grand Prix: Titled Tuesday Blitz"]
[Site "Chess.com"]
[Date "2020.06.23"]
[Round "6"]
[White "amintabatabaei"]
[Black "ruslansezdbekov"]
[Result "1-0"]
[WhiteElo "2818"]
[BlackElo "2592"]
[TimeControl "180+1"]
[EndTime "11:08:06 PDT"]
[Termination "amintabatabaei won by checkmate"]

1. e4 e5 2. Nf3 Nc6 3. Bb5 a6 4. Ba4 Nf6 5. O-O Be7 6. d3 b5 7. Bb3 O-O 8. Nc3 d6 9. a3 Be6 10. Bxe6 fxe6 11. h3 Qe8 12. Ne2 Nh5 13. Ng3 Nf4 14.
Bxf4 Rxf4 15. a4 b4 16. c3 Qg6 17. a5 Raf8 18. Kh2 Qh6 19. Qe2 d5 20. Rac1 Bd6 21.
Ng1 Rxf2 22. Rxf2 Qxc1 23. exd5 exd5 24. Rxf8+ Bxf8 25. Qf3 Ne7 26. Qg4 bxc3 27. Qe6+ Kh8 28. bxc3 Qf4 29. Nf3 Ng6 30. Qxd5 h5 31. Qe4 h4 32.
Qxg6 hxg3+ 33. Qxg3 Qf6 34. Qh4+ Qxh4 35. Nxh4 Bd6 36.
Nf5 Ba3 37. Ne3 Bb2 38. Nc4 Bxc3 39. Kg3 Kg8 40. Kg4 Kf7 41. Kf5 g6+ 42. Ke4 Ke6 43.
g4 g5 44. Kf3 Kd5 45. Ke3 Bd4+ 46. Kf3 Bc3 47. Ne3+ Kd4 48. Ke2 Bxa5 49. h4 gxh4 50. g5 Bb4 51. Nc2+ Kd5 52. Nxb4+ Ke6 53. Nxa6 Kf5 54.
Nxc7 Kxg5 55. Kf3 h3 56. Nd5 Kf5 57. Ne3+ Ke6 58. Nf1 Kd5 59. Ke3 Kd6 60. Ke4 Ke6 61. Nh2 Kd6 62. Nf3 Kc5 63. Kxe5 Kb4 64. d4 Kc3 65. d5 Kd3 66. d6 Ke3 67. Nh2 Kf2 68. d7 Kg2 69. d8=Q Kxh2 70. Kf4 Kh1 71. Kg3 h2 72.
Qd1# 1-0

[Event "*** SCC Grand Prix: Titled Tuesday Blitz"]
[Site "Chess.com"]
[Date "2020.06.23"]
[Round "6"]
[White "Piotrek1979"]
[Black "Th3_Hound"]
[Result "1/2-1/2"]
[WhiteElo "2354"]
[BlackElo "2534"]
[TimeControl "180+1"]
[EndTime "11:08:06 PDT"]
[Termination "Game drawn by stalemate"]

1. Nf3 c5 2. c4 Nc6 3. d4 cxd4 4. Nxd4 g6 5. e4 Nf6 6. Nc3 Nxd4 7. Qxd4 d6 8. Be2 Bg7 9. Be3 O-O 10. Qd2 Be6 11. Rc1 Qa5 12. b3 Rfc8 13. f3 a6 14. Na4 Qxd2+ 15.
Kxd2 Nd7 16. g4 Rab8 17. Ba7 Ra8 18. Be3 Rab8 19. Nc3 Nc5 20. Nd5 Bxd5 21. cxd5 a5 22. Bb5 Bb2 23. Rc2 Ba3 24. Rhc1 Bxc1+ 25. Rxc1 e6 26. Bxc5 dxc5 27. d6 e5 28. Kc3 Rd8 29. Rd1 f6 30. Kc4 b6 31. Kd5 Kf7 32. d7 Ke7 33.
Kc6 Rh8 34. Rd6 h5 35. g5 Rhf8 36. Bc4 fxg5 37. Re6+ Kd8 38. Rxg6 g4 39. fxg4 hxg4 40. Rxg4 b5 41. Bxb5 Rf6+ 42. Kxc5 Kc7 43. Rg7 Rh8 44. Re7 Rd8 45. Rxe5 Rh6 46. Kd4 Rxh2 47. Rc5+ Kd6 48. Rc8 Ke7 49. a4 Rb2 50. Rxd8 Kxd8 51. Kc3 Rb1 52.
Kc2 Re1 53. Kd3 Rb1 54. Kc4 Re1 55. Kd5 Re3 56. e5 Rxb3 57. e6 Ke7 58. Bc4 Rc3 59. Kc5 Rc1 60. Kb5 Rc2 61. Bd5 Rf2 62. Kc5 Rc2+ 63.
Kb6 Rd2 64. Bc4 Rd4 65. Kc5 Rd2 66. Bd5 Rd1 67. Kc6 Rc1+ 68. Kb6 Rd1 69. Bc4 Rd4 70. Bb5 Kxe6 71. Kxa5 Ke7 72. Kb6 Rd6+ 73. Kb7 Rd5 74.
Kc7 Rc5+ 75. Kb6 Rd5 76. a5 Rxb5+ 77. Kxb5 Kxd7 78. Kb6 Kc8 79. Ka7 Kc7 80. a6 Kc8 81.
Kb6 Kb8 82. a7+ Ka8 83. Ka6 1/2-1/2

[Event "*** SCC Grand Prix: Titled Tuesday Blitz"]
[Site "Chess.com"]
[Date "2020.06.23"]
[Round "6"]
[White "Hasangatin_Ramil"]
[Black "StockholmMissile"]
[Result "1/2-1/2"]
[WhiteElo "2603"]
[BlackElo "2437"]
[TimeControl "180+1"]
[EndTime "11:08:11 PDT"]
[Termination "Game drawn by repetition"]

1. e4 e5 2. Nf3 Nc6 3. Bb5 a6 4. Ba4 Nf6 5. Bxc6 dxc6 6. d3 Nd7 7. Be3 Bd6 8. Nbd2 O-O 9. Nc4 Re8 10. c3 Bf8 11.
Qc2 f6 12. O-O Nc5 13. Rad1 Bg4 14. Qe2 Ne6 15. h3 Bh5 16. d4 exd4 17. cxd4 Qe7 18. Ncd2 Rad8 19. Qc4 Bf7 20. Qc3 Qb4 21. Rfe1 Qxc3 22.
bxc3 b6 23. c4 g6 24. d5 Nc5 25. Bd4 Be7 26. Nb3 Nd7 27. Bc3 c5 28. a4 a5 29.
Nbd2 Bd6 30. Nb1 Re7 31. Re2 Ne5 32. Nxe5 fxe5 33. Bd2 Rf8 34. Nc3 Be8 35. Bh6 Rff7 36.
Bg5 Rd7 37. Rd3 Bf8 38. g3 h6 39. Bd2 Kg7 40. Kg2 Bd6 41. h4 Rf8 42. f4 Rdf7 43. fxe5 Bxe5 44. Nb5 Bxb5 45. cxb5 Bd4 46. Bc3 Rf2+ 47.
Rxf2 Rxf2+ 48. Kh3 Bxc3 49. Rxc3 Re2 50. Rc4 Kf6 51.
Kg4 Ke5 52. Kf3 Ra2 53. g4 Ra3+ 54. Kf2 Rh3 55. Kg2 Rxh4 56. Kg3 Rh1 57. Rc2 Re1 58. Rf2 Rxe4 59. Rf7 Rxa4 60. Rxc7 Kxd5 61. Rc6 Rb4 62. Rxb6 a4 63. Rxg6 Rxb5 64. Ra6 Rb4 65. Rxh6 Kc4 66. g5 Kb3 67. g6 Rb8 68. Kf4 Rg8 69. Kf5 c4 70. Rh7 c3 71. Rb7+ Kc2 72. Rc7 a3 73. Ra7 Kb2 74. Rb7+ Kc1 75. Ra7 Kb2 76.
Rb7+ Kc2 77. Ra7 Kb2 1/2-1/2

[Event "*** SCC Grand Prix: Titled Tuesday Blitz"]
[Site "Chess.com"]
[Date "2020.06.23"]
[Round "6"]
[White "Lector118"]
[Black "GoltsevDmitry2000"]
[Result "1-0"]
[WhiteElo "2483"]
[BlackElo "2609"]
[TimeControl "180+1"]
[EndTime "11:08:12 PDT"]
[Termination "Lector118 won by resignation"]

1. d4 Nf6 2. c4 e6 3. g3 Bb4+ 4. Bd2 Qe7 5. Bg2 Nc6 6. e3 O-O 7. Ne2 Bxd2+ 8. Qxd2 d6 9. Nbc3 a5 10. h3 e5 11. O-O Bf5 12. g4 Bg6 13. Ng3 Nd7 14. Nd5 Qd8 15. Rae1 f6 16. f4 Bf7 17. f5 Re8 18. h4 h6 19. Kh1 Rb8 20. Be4 b5 21. cxb5 Rxb5 22. Nc3 Rb6 23. Na4 Ra6 24. Rc1 d5 25. dxe5 Ndxe5 26. Nc5 Rb6 27. Bg2 Nxg4 28. Ne6 Bxe6 29. fxe6 Ne7 30. Bh3 Qd6 31.
Nh5 Qe5 32. Rg1 Rxb2 33. Rc2 Qe4+ 34. Rg2 Rb1+ 35. Rc1 Rxc1+ 36. Qxc1 Nf2+ 37. Kh2 Qe5+ 38. Ng3 Nxh3 39. Kxh3 Qxe6+ 40. Kh2 Nf5 41. Qxc7 Nxe3 42. Nh5 Ng4+ 43. Kh3 Re7 44. Qb8+ Re8 45. Qc7 Re7 46. Qb8+ Kh7 47. Rxg4 Qf5 48. Ng3 Qf3 49. Qf4 Qd3 50.
Qd4 Qc2 51. Qa4 Qd2 52. Qf4 Qd3 53. Qf5+ Qxf5 54. Nxf5 Rd7 55. Nd4 g6 56. h5 g5 57.
Nf5 Rd8 58. Rd4 Re8 59. Kg4 Re2 60. Rxd5 Re4+ 61. Kg3 Ra4 62. Ne3 Ra3 63. Kf3 Rxa2 64. Rd7+ Kg8 65. Ng4 Ra3+ 66. Ke4 Ra4+ 67. Kf5 Rf4+ 68.
Kg6 Kf8 69. Nxf6 Rxf6+ 70. Kxf6 Ke8 71. Ra7 g4 72. Rxa5 g3 73. Ra1 g2 74. Rg1 1-0

[Event "*** SCC Grand Prix: Titled Tuesday Blitz"]
[Site "Chess.com"]
[Date "2020.06.23"]
[Round "6"]
[White "TokChess"]
[Black "Yoshikrov"]
[Result "1-0"]
[WhiteElo "2373"]
[BlackElo "2023"]
[TimeControl "180+1"]
[EndTime "11:08:13 PDT"]
[Termination "TokChess won on time"]

1. Nf3 d5 2. c4 Nf6 3. cxd5 Nxd5 4. Nc3 Nxc3 5. bxc3 g6 6. g3 Bg7 7. Bg2 O-O 8. O-O c5 9. Rb1 Nc6 10. Qc2 Qc7 11.
d3 Bd7 12. c4 Rac8 13. Bb2 b6 14. Bxg7 Kxg7 15. Qc3+ Kg8 16. h4 h5 17. Rb2 Qd6 18. Ng5 Qf6 19. Qxf6 exf6 20. Ne4 Kg7 21. Nd6 Rcd8 22.
Nb5 Ra8 23. Ra1 Rfe8 24. Kf1 Rec8 25. Nc3 Rab8 26. Nd5 Nd4 27. e3 Ne6 28. a4 Re8 29. Bf3 Bc6 30. Kg2 Bxd5 31. Bxd5 Nc7 32. Bf3 Na6 33.
a5 Nb4 34. axb6 axb6 35. Rb3 Red8 36. Raa3 Rd6 37. Kf1 Rbd8 38. Ke2 f5 39. Rxb4 cxb4 40. Rb3 Kf6 41. Bd5 b5 42. Rxb4 bxc4 43. Bxc4 Ra8 44. Rb7 Re6 45. Bxe6 fxe6 46. e4 Ra4 47. exf5 exf5 48. Rb6+ Kf7 49. Ke3 Kg7 50. Rd6 Kf7 51. f3 Kg7 52. d4 Kf7 53. Kf4 Rb4 54. Kg5 Rb3 55. Rxg6 Rxf3 56. Rf6+ Ke7 57. Rxf5 Rxg3+ 58. Kxh5 Rd3 59. d5 Rg3 60. Rg5 Rh3 61. Kg4 Rh1 62. h5 Kd6 63. Kf5 Kxd5 64. Kg6+ Ke6 65. Rg2 Ra1 66.
Re2+ Kd5 67. h6 Ra6+ 68. Kg5 Kd4 69. h7 Ra5+ 70. Kg6 Ra6+ 71. Kf7 Ra8 72. Re8 Rxe8 73.
Kxe8 1-0

[Event "*** SCC Grand Prix: Titled Tuesday Blitz"]
[Site "Chess.com"]
[Date "2020.06.23"]
[Round "6"]
[White "WinstonSilvakov"]
[Black "RusPakhom"]
[Result "0-1"]
[WhiteElo "2142"]
[BlackElo "2349"]
[TimeControl "180+1"]
[EndTime "11:08:16 PDT"]
[Termination "RusPakhom won on time"]

1. d4 d6 2. e4 g6 3. Nc3 Bg7 4. Bg5 Nd7 5. Bc4 a6 6. Nf3 b5 7.
Bd5 Rb8 8. Be3 e6 9. Bb3 c5 10. dxc5 dxc5 11. Qd6 c4 12. O-O-O cxb3 13. axb3 Ngf6 14.
Ne5 Nxe4 15. Qxb8 Nxb8 16. Rxd8+ Kxd8 17. Nxf7+ Ke7 18. Nxh8 Nxc3 19. Nxg6+ hxg6 20. bxc3 Bxc3 21. g4 Bb7 22. Rg1 Nd7 23. h4 Ne5 24. h5 Bf3 25. h6 Bxg4 26. h7 Bf5 27. Kb1 Nf7 28. Bh6 Nh8 29. Bg5+ Kf7 30. Be3 Kg7 31. Rh1 g5 32. Kc1 Bxh7 33. Bxg5 Bf5 34. Bh6+ Kf7 35. Be3 Ng6 36. Bd2 Bxd2+ 37. Kxd2 Ne5 38. Ke3 Kf6 39. Kf4 Ng6+ 40. Ke3 e5 41. f3 Ne7 42.
Ra1 Nd5+ 43. Kd2 Bc8 44. Rh1 Bb7 45. Rh7 Ne7 46. Rh6+ Ng6 47. Ke3 Bd5 48. Rh7 Ne7 49. Rh6+ Ng6 50. Rh7 Bf7 51. Rh6 Kf5 52. Rh1 Nf4 53. Rf1 Bh5 54. Ra1 Nd5+ 55. Kf2 Nc7 56. Ra5 Kf4 57. c4 bxc4 58. bxc4 Bxf3 59. Rc5 Ne6 60.
Rc8 Nd4 61. Rf8+ Nf5 62. Ra8 e4 63. Ra7 e3+ 64. Ke1 Nd4 65. Rf7+ Ke4 66. Re7+ Kd3 67. Ra7 Nc2+ 0-1

[Event "*** SCC Grand Prix: Titled Tuesday Blitz"]
[Site "Chess.com"]
[Date "2020.06.23"]
[Round "6"]
[White "Airquake"]
[Black "RaunakSadhwani2005"]
[Result "1/2-1/2"]
[WhiteElo "2670"]
[BlackElo "2877"]
[TimeControl "180+1"]
[EndTime "11:08:18 PDT"]
[Termination "Game drawn by repetition"]

1. e4 c5 2. Nf3 Nc6 3. Bb5 g6 4. O-O Bg7 5. Re1 Nf6 6. c3 O-O 7. d4 cxd4 8. cxd4 d5 9. e5 Ne4 10. Nc3 Nxc3 11. bxc3 Qa5 12. Qb3 Bg4 13. Nd2 Bh6 14.
h3 Bd7 15. Bf1 Rab8 16. Nf3 Bxc1 17. Rexc1 Kg7 18. c4 Be6 19. Qe3 dxc4 20. Bxc4 Bxc4 21. Rxc4 Rbd8 22. a4 h6 23. Rb1 Rd7 24. e6 fxe6 25.
Rb5 Qd8 26. Qxe6 Rf6 27. Qe3 a6 28. Rb1 Qg8 29. Rc5 Qa2 30. Re1 b6 31. Rcc1 Qd5 32. Ne5 Re6 33. Rxc6 Rxc6 34. Nxc6 Qxc6 35. d5 Qf6 36.
Rd1 h5 37. Qe4 Rd6 38. Qc4 a5 39. Qc8 Qe5 40. Qe8 Kh6 41. Qf8+ Qg7 42. Qf4+ g5 43.
Qe4 e6 44. Qc4 Qd7 45. Re1 Rxd5 46. Qc3 Kg6 47. Qc2+ Kg7 48. Qb2+ Kh7 49. Qxb6 Rd1 50. Qe3 Rxe1+ 51. Qxe1 Qxa4 52. Qxe6 Qd1+ 53. Kh2 Qd4 54.
Qf7+ Kh6 55. g3 a4 56. Qe6+ Kg7 57. Qe7+ Kg6 58. Qe6+ Qf6 59. Qe4+ Kh6 60. Qg2 a3 61.
Qa8 Qxf2+ 62. Kh1 Qe1+ 63. Kh2 Qd2+ 64. Kh1 Qc1+ 65. Kh2 Qb2+ 66. Kh1 Qb1+ 67. Kh2 Qb2+ 68. Kh1 a2 69. Qc6+ Kg7 70. Qd7+ Kf6 71. Qd6+ Kf5 72. Qd5+ Kg6 73. Qe6+ Kh7 74. Qf7+ Kh6 75. Qe6+ Kg7 76.
Qe7+ Kg8 77. Qe8+ Kg7 78. Qe7+ Kh6 79. Qe6+ Kh7 80. Qf7+ Kh8 81. Qf8+ Kh7 82. Qf7+ 1/2-1/2

[Event "*** SCC Grand Prix: Titled Tuesday Blitz"]
[Site "Chess.com"]
[Date "2020.06.23"]
[Round "6"]
[White "DenLaz"]
[Black "ShimanovAlex"]
[Result "1/2-1/2"]
[WhiteElo "2712"]
[BlackElo "2866"]
[TimeControl "180+1"]
[EndTime "11:08:24 PDT"]
[Termination "Game drawn - insufficient material"]

1. d4 Nf6 2. c4 g6 3. g3 Bg7 4.
Bg2 O-O 5. Nc3 c5 6. d5 d6 7.
Nf3 e6 8. O-O exd5 9. cxd5 Re8 10.
Nd2 Nbd7 11. a4 a6 12. h3 Nh5 13.
Nce4 Ndf6 14. Nxf6+ Nxf6 15. Nc4 Rb8 16. a5 Bf8 17.
Bf4 Nh5 18. Bd2 Bd7 19. g4 Nf6 20. Re1 Bb5 21. b3 Nd7 22. Bc3 Bxc4 23. bxc4 Bg7 24. Bxg7 Kxg7 25. Qd2 Qh4 26. Qf4 Ne5 27. Qc1 h5 28. f4 hxg4 29. fxe5 gxh3 30. Bf3 Rxe5 31. Qc3 Qf6 32. Kh1 Rbe8 33. Rf1 Qh4 34. Rab1 Re7 35. Rb6 Qf6 36. Qb2 g5 37. Qb1 Rf5 38. Rxd6 Qe5 39.
Qa1 g4 40. Qxe5+ Rexe5 41. Rb6 gxf3 42. Rxf3 Rg5 43. Kh2 Rxe2+ 44. Kxh3 Re8 45. Rg3 Rxg3+ 46. Kxg3 Re4 47. Rxb7 Rxc4 48. Rb6 Rd4 49. Rxa6 Rxd5 50. Rc6 c4 51. Rxc4 Rxa5 52. Kf4 Kg6 53. Rc6+ f6 54. Rc8 Ra4+ 55. Kf3 Kg5 56. Rg8+ Kf5 57. Rb8 Ra3+ 58.
Kf2 Kg5 59. Rb4 Rc3 60. Kg2 Kf5 61. Kf2 Rd3 62. Kg2 Re3 63. Kf2 Re4 64. Rb6 Kg5 65.
Kf3 Rf4+ 66. Kg3 Ra4 67. Rb5+ f5 68. Rb3 Rg4+ 69. Kf3 Rh4 70. Rb8 Rh3+ 71. Kg2 Re3 72.
Rb4 Re4 73. Rxe4 fxe4 74. Kf2 Kf4 75. Ke2 Kf5 76. Ke3 Ke5 77. Ke2 Kd4 78. Kd2 e3+ 79. Ke2 Ke4 80. Ke1 Kd3 81. Kd1 e2+ 82. Ke1 Kc2 83.
Kxe2 1/2-1/2

[Event "*** SCC Grand Prix: Titled Tuesday Blitz"]
[Site "Chess.com"]
[Date "2020.06.23"]
[Round "6"]
[White "Maksimus1998"]
[Black "olksuna"]
[Result "0-1"]
[WhiteElo "2470"]
[BlackElo "2601"]
[TimeControl "180+1"]
[EndTime "11:08:24 PDT"]
[Termination "olksuna won by resignation"]

1. e4 d6 2. d4 Nf6 3. Nc3 c6 4. g3 e5 5. Nge2 h5 6. h3 h4 7. g4 exd4 8. Nxd4 d5 9. Bg2 Bb4 10. e5 Ne4 11. Bd2 Nxd2 12. Qxd2 c5 13. Nf5 Bxf5 14. gxf5 d4 15. a3 Bxc3 16. bxc3 Nc6 17. O-O O-O 18. f4 dxc3 19. Qxc3 Qd4+ 20. Qxd4 Nxd4 21. Bxb7 Rab8 22. Be4 Rb2 23. Rfb1 Rfb8 24. Rxb2 Rxb2 25. Kf2 Nxc2 26. Bxc2 Rxc2+ 27. Kf3 Rc4 28. Kg4 Ra4 29. Rc1 c4 30. Kxh4 Kf8 31. Kg5 Ke7 32. Rb1 Rxa3 33. Rb7+ Ke8 34. f6 gxf6+ 35. Kxf6 Ra6+ 36.
Kf5 Rc6 37. Rxa7 c3 38. Ra1 c2 39. Rc1 Rc4 40. h4 Kf8 41. Kg5 Rc5 42. h5 Rc6 43. f5 Kg7 44. h6+ Kh7 45. f6 Rc5 46. Kf5 Rc7 47. Ke4 Kxh6 48. Kd5 Kg6 49. Kd6 Rc3 50.
Kd5 Kf5 51. Kd4 Rc7 52. Rf1+ Ke6 53. Rc1 Rd7+ 54. Ke4 Rd2 55. Ke3 Rh2 56. Ke4 Rg2 57. Kf4 Re2 58. Kf3 Rd2 59. Ke4 Rh2 60. Kf4 Kd5 61. Kf5 Rf2+ 62. Kg4 Kxe5 63. Kg3 Rd2 64. Kf3 Kxf6 65. Ke3 Rh2 66. Kd3 Ke6 67. Re1+ Kd5 68. Rf1 Ke6 69. Re1+ Kd7 70. Rf1 Ke7 71. Re1+ Kf8 72.
Rf1 Kg7 73. Rg1+ Kf8 74. Rf1 Rg2 75. Kc3 Re2 76. Kd3 Rg2 77. Kc3 Kg7 78. Kd3 Kg6 79.
Rc1 f5 80. Rxc2 Rxc2 81. Kxc2 Kg5 82. Kd3 Kf4 83. Ke2 Kg3 84. Kf1 Kf3 0-1

[Event "*** SCC Grand Prix: Titled Tuesday Blitz"]
[Site "Chess.com"]
[Date "2020.06.23"]
[Round "6"]
[White "Evgeny81"]
[Black "Chigorinetz"]
[Result "1-0"]
[WhiteElo "2801"]
[BlackElo "2544"]
[TimeControl "180+1"]
[EndTime "11:08:25 PDT"]
[Termination "Evgeny81 won on time"]

1. e4 c5 2. d4 cxd4 3. c3 Nc6 4.
cxd4 d5 5. e5 Qb6 6. Ne2 Bg4 7.
f3 Bf5 8. a3 e6 9. Nbc3 Rc8 10. h4 h5 11. b4 Nxd4 12. Nxd4 Rxc3 13. Bb5+ Kd8 14. Bg5+ Be7 15. Qd2 Rd3 16. Bxd3 Qxd4 17. Rd1 Qxe5+ 18. Be2 Qg3+ 19. Kf1 Bxg5 20. hxg5 Ne7 21.
Qe3 h4 22. Qf2 Qxg5 23. Qxa7 h3 24. Qb6+ Kc8 25. g4 Nc6 26. b5 Ne5 27. Qc5+ Kd7 28. Rc1 Rd8 29. b6 Nd3 30. Qb5+ Ke7 31. Rc7+ Kf8 32. Bxd3 Qe3 33. Be2 Be4 34. Qc5+ Qxc5 35.
Rxc5 Bg6 36. Rxh3 Ke7 37. Kf2 Kd6 38. Rc1 Ra8 39. Rc3 d4 40. Rb3 Bc2 41. Rb4 d3 42. Bxd3 Rxa3 43. Bxc2 Ra2 44. Rc4 Kd5 45. Rc7 Kd6 46.
Kg3 Rb2 47. Be4 Rxb6 48. Rxb7 Ra6 49. Rxf7 g5 50. Rg7 Ke5 51. Rxg5+ Kd4 52. Rhh5 Ra1 53. Rh8 e5 54. Rgg8 Ke3 55. Kg2 Ra2+ 56. Kh3 Ra1 57. Kh4 Kf2 58. Kg5 Ra5 59. Kf5 Rb5 60. Re8 Ke3 61.
Rxe5 Rb7 62. Re6 Kf2 63. Kg6 Rc7 64. Rf8 Kg3 65. Rf7 Rc5 66. Rf5 Kh4 67. Rxc5 Kg3 68. Rf5 Kh4 69. Rh5+ Kg3 70. Kg5 Kf2 71. f4 Ke3 72. Bf5+ Kf2 73. Rh3 Kg1 74. Ra3 Kg2 75. Re2+ Kf1 76. Rae3 Kg1 77. Bg6 Kf1 78. Kf6 Kg1 79.
f5 Kf1 80. g5 1-0

[Event "*** SCC Grand Prix: Titled Tuesday Blitz"]
[Site "Chess.com"]
[Date "2020.06.23"]
[Round "6"]
[White "MVM2008"]
[Black "arvielozano"]
[Result "1-0"]
[WhiteElo "2051"]
[BlackElo "1832"]
[TimeControl "180+1"]
[EndTime "11:08:26 PDT"]
[Termination "MVM2008 won on time"]

1. e4 g6 2. d4 Bg7 3. Nc3 Nf6 4. e5 Ng8 5. Nf3 d6 6. exd6 cxd6 7. Bd3 Nf6 8. h4 h5 9. Ng5 Nc6 10. Be3 d5 11. f3 Qb6 12. Qd2 Bd7 13. O-O-O Nb4 14.
Rhe1 Rc8 15. Kb1 Qa5 16. a3 Nxd3 17. Qxd3 Bf5 18. Qd2 O-O 19. Rc1 Rc4 20. Ka2 Rfc8 21. Nb1 Qb6 22. c3 a5 23. Qd1 a4 24. Nd2 R4c6 25. Ra1 Qa5 26. Qc1 b5 27. Nh3 b4 28.
cxb4 Qb5 29. Qd1 Bc2 30. Qe2 Bd3 31. Qd1 Bc4+ 32. Nxc4 Qxc4+ 33. Kb1 Qb5 34. Qe2 Rc4 35. Qd2 Qc6 36. Ka2 Nd7 37. Rac1 Nb6 38. Rxc4 Nxc4 39.
Qc3 e6 40. Nf4 Nxe3 41. Rxe3 Qc4+ 42. Qxc4 Rxc4 43. Rd3 Rxd4 44. Rxd4 Bxd4 45. Ne2 Bf2 46.
g3 d4 47. Kb1 d3 48. Nf4 Bxg3 49. Nxd3 Bxh4 50. b5 Bd8 51. Kc2 h4 52. Nf4 Bc7 53. Nh3 Kg7 54. Kc3 Kf6 55. Kb4 Kf5 56. Kxa4 g5 57. Kb4 g4 58. fxg4+ Kxg4 59. Ng1 h3 60.
Nxh3 Kxh3 61. a4 f5 62. a5 f4 63. b6 Bb8 64. a6 f3 65. a7 Bxa7 66. bxa7 f2 67.
a8=Q f1=Q 68. Qh8+ Kg2 69. Qg8+ Kh3 70. Qxe6+ Kg3 71.
Qg6+ Kh3 72. Qh6+ Kg3 73. Qe3+ Kh4 74. Qd4+ Kg3 75. Qc3+ Kh2 76. Ka4 Qa6+ 77. Kb3 Qb6+ 78. Kc2 1-0

[Event "*** SCC Grand Prix: Titled Tuesday Blitz"]
[Site "Chess.com"]
[Date "2020.06.23"]
[Round "6"]
[White "Anuar_Is"]
[Black "Spartakus1975"]
[Result "1/2-1/2"]
[WhiteElo "2836"]
[BlackElo "2685"]
[TimeControl "180+1"]
[EndTime "11:08:39 PDT"]
[Termination "Game drawn by stalemate"]

1. e4 e6 2. d4 d5 3. Nc3 Nf6 4. e5 Nfd7 5. f4 c5 6. Nf3 Nc6 7. Be3 Be7 8. Qd2 O-O 9. dxc5 Nxc5 10. O-O-O a6 11. Nd4 Bd7 12. Qf2 Rc8 13. Kb1 b5 14.
Bd3 b4 15. Nce2 a5 16. Nxc6 Rxc6 17. Nd4 Rc8 18. Rhe1 a4 19. f5 Nxd3 20. cxd3 b3 21. f6 gxf6 22. Bh6 Kh8 23. exf6 Bxf6 24. Bxf8 bxa2+ 25. Ka1 e5 26. Ne2 e4 27. Ba3 Rc2 28. d4 Qb6 29.
Rc1 Rd2 30. Red1 Bxd4 31. Qxd4+ Rxd4 32. Nxd4 Bg4 33. Rd2 e3 34. Rd3 e2 35. Nf3 Bxf3 36. Rxf3 Qg6 37. Re3 Qxg2 38. Re1 Qxh2 39. R3xe2 Qf4 40.
Rd1 d4 41. Red2 h5 42. Rxd4 Qf3 43. Bb4 Kg7 44. Bc3 Kg6 45. R4d3 Qe2 46. R3d2 Qe4 47.
Rg1+ Kh6 48. Kxa2 a3 49. bxa3 Qc4+ 50. Kb2 Qb5+ 51. Kc1 Qc5 52. Rg3 Qxa3+ 53. Kc2 Qa2+ 54. Kd1 h4 55. Rgd3 Qb1+ 56. Ke2 Qb5 57. Bd4 Qf5 58. Be3+ Kh7 59. Rd5 Qg4+ 60. Ke1 h3 61. R5d4 Qg3+ 62. Bf2 Qf3 63. Rh4+ Kg6 64. Rdd4 f5 65. Rdf4 Qg2 66.
Ke2 h2 67. Rf3 h1=Q 68. Rxh1 Qxh1 69. Rg3+ Kf7 70. Rf3 Qh5 71. Ke3 Ke6 72. Bg3 Qh6+ 73. Kf2 Qh1 74. Re3+ Kf7 75. Rf3 Qb1 76. Bf4 Kg6 77.
Be3 Kf6 78. Rg3 Ke6 79. Rf3 Kd5 80. Bg5 Qc2+ 81. Kg3 Qe4 82. Bf4 Qe1+ 83. Kg2 Ke4 84. Bg3 Qe2+ 85. Rf2 Qg4 86. Rf4+ Qxf4 87. Bxf4 Kxf4 88.
Kf2 Kg4 89. Kg2 f4 90. Kf2 f3 91. Kf1 Kf4 92. Kf2 Ke4 93. Kf1 Ke3 94. Ke1 f2+ 95.
Kf1 Kf3 1/2-1/2